 Dungeon Crawl Stone Soup version 0.28.0-53-g5a82cb258f (webtiles) character file.

Game seed: 6330560112699900898

65 Sin92 the Skirmisher (level 3, -7/29 HPs)
             Began as a Demonspawn Fighter on June 28, 2022.
             Killed by divine providence
             ... invoked by an orc priest
              (12 damage)
             ... on level 2 of the Dungeon.
             The game lasted 00:01:16 (2133 turns).

Sin92 the Skirmisher (Demonspawn Fighter)           Turns: 2133, Time: 00:01:17

Health: -7/29      AC:  7    Str: 18    XL:     3   Next: 94%
Magic:  3/3        EV:  9    Int:  9    God:
Gold:   103        SH:  4    Dex: 12    Spells: 2/2 levels left

rFire   . . .      SeeInvis +   a - +0 war axe
rCold   . . .      Faith    .   c - +0 buckler
rNeg    . . .      Spirit   .   b - +0 scale mail
rPois   .          Reflect  .   (helmet restricted)
rElec   .          Harm     .   (no cloak)
rCorr   .          Rampage  .   j - +0 pair of gloves
Will    .....                   (no boots)
Stlth   ..........              (no amulet)
HPRegen 0.09/turn               f - ring of see invisible
MPRegen 0.08/turn               (no ring)

@: mighty
A: horns 2
a: no special abilities


You were on level 2 of the Dungeon.
You visited 1 branch of the dungeon, and saw 3 of its levels.

You collected 103 gold pieces.

Inventory:

Hand Weapons
 a - a +0 war axe (weapon)
Armour
 b - a +0 scale mail (worn)
 c - a +0 buckler (worn)
 j - a +0 pair of gloves (worn)
Jewellery
 f - a ring of see invisible (left hand)
Scrolls
 e - a scroll of enchant armour {unknown}
 g - a scroll of summoning {unknown}
 h - 2 scrolls of magic mapping {unknown}
 k - a scroll of enchant weapon {unknown}
Potions
 d - a potion of might
 i - a potion of curing


   Skills:
 + Level 3.4 Fighting
 * Level 2.8 Axes
 + Level 3.1 Armour
 + Level 3.1 Shields


You had 2 spell levels left.
You didn't know any spells.
Your spell library was empty.

Dungeon Overview and Level Annotations

Branches:
Dungeon (3/15)

Altars:


Innate Abilities, Weirdness & Mutations

You have a pair of horns on your head.


Message History

You kill the adder!
You closely miss the orc.
The orc hits you from afar with a +0 trident.
The orc hits you but does no damage. The orc barely misses you.
The orc hits you but does no damage.
The orc priest hits you with a +2 hand axe of venom.
You are poisoned.
The orc priest looks satisfied for a moment.
There are monsters nearby!
You slash the orc priest!
The orc priest is severely wounded.
You completely miss the orc. You slash the orc priest!
You feel very sick. The orc closely misses you.
The orc priest hits you with a +2 hand axe of venom.
You are lethally poisoned!
The orc hits you with a +0 dagger. The orc priest hits you with a +0 mace.
Unknown command.
Unknown command.
You can't go down here!
* * * LOW HITPOINT WARNING * * *
You feel very sick. The orc hits you but does no damage.
The orc priest closely misses you. The orc hits you with a +0 dagger.
* * * LOW HITPOINT WARNING * * *
The orc priest hits you but does no damage.
You climb upwards.
* * * LOW HITPOINT WARNING * * *
You feel very sick.
There is a stone staircase leading down here.
It was a potion of curing.
You feel better. The orc hits you but does no damage.
The orc priest calls upon Beogh to heal the orc priest.
The orc priest is healed somewhat.
The orc priest closely misses you.
You feel very mighty all of a sudden. The orc hits you with a +0 dagger.
* * * LOW HITPOINT WARNING * * *
The orc priest mumbles some strange prayers to Beogh against you.
Beogh smites you!
You die...

.######....##..####..............
........######......####.........
.#####..# ###.#.#####.........
.## #.## #.................
..####.# #......##......###
.......#### #.#.##...#.......#
.#..#.....# ###...####.##....###
...######.####.oo### #.#####....
..## #......#@# #.# #.... ###
###....#o# #.# #.### #..##...###
#.# #...# #.####....##
#.#####.### #.#
####..###.......... ###.#
##.............. #...#
#####.......### #.### #.......#..
####.###################..###


You could see 2 orc priests and an orc.

Vanquished Creatures
  An adder (D:3)
  A worm (D:2)
  An orc (D:3)
  7 ball pythons
  7 endoplasms
  2 giant cockroaches
  5 goblins
  4 hobgoblins
  5 jackals
  A quokka (D:1)
  3 bats
  2 frilled lizards (D:1)
  2 kobolds (D:1)
  4 rats
  A spectral hobgoblin (D:1)
46 creatures vanquished.

Notes
Turn   | Place    | Note
-------+----------+-------------------------------------------
     0 | D:1      | Sin92 the Demonspawn Fighter began the quest for the Orb.
     0 | D:1      | Reached XP level 1. HP: 18/18 MP: 1/1
   250 | D:1      | Gained mutation: You have a pair of small horns on your
                  | head. [demonic ancestry]
   250 | D:1      | Reached XP level 2. HP: 15/24 MP: 2/2
   709 | D:1      | Found a faded altar of an unknown god.
  1292 | D:1      | Gained mutation: You have a pair of horns on your head.
                  | [demonic ancestry]
  1292 | D:1      | Reached XP level 3. HP: 27/29 MP: 3/3
  2131 | D:2      | HP: 1/29 [poisoned by an orc priest]
  2133 | D:2      | Killed from afar by an orc priest

Illustrated notes

Levels and vault maps discovered:
D:1:      nzn_arrival_depleted_hourglass, layout_basic,
          dreamdust_ecumenical_altar_drowned_temple, serial_curves,
          eino_curves_02, eino_curves_01, eino_curves_01, st_stairs_13
D:2:      layout_rooms, ebering_dispersal_statue_hall,
          minmay_misc_feat_nine_boxes
D:3:      wad_pebble_path, layout_rooms, nrook_uturn, st_stairs_10,
          minmay_misc_feat_cross, hangedman_decor_clover_reticule,
          minmay_misc_feat_pillars, kennysheep_generic_room_7, uniq_jessica

Skill      XL: |  1  2  3 |
---------------+----------+-----
Axes           | 2 |  2.8
Armour         | 3 |  3.1
Shields        | 3 |  3.1
Fighting       | |  3.4

Action                   || total
-------------------------++-------
Melee: War axe           ||   109
       Headbutt          ||    11
  Use: Potion            ||     2
Armor: Scale mail        ||    48
Dodge: Dodged            ||    46
Block: Buckler           ||    22
